 Dungeon Crawl Stone Soup version 0.30-a0-1053-gbd8d5ba0ad (webtiles) character file.

Game seed: 17364515524150210810

6540 bmack86 the Cleaver (level 10, 0/90 HPs)
             Began as a Minotaur Fighter on Apr 12, 2023.
             Was an Elder of Okawaru.
             Succumbed to Erica's bolt of poison
             ... on level 9 of the Dungeon.
             The game lasted 00:25:41 (9519 turns).

bmack86 the Cleaver (Minotaur Fighter)              Turns: 9519, Time: 00:25:41

Health: 0/90       AC: 21    Str: 24    XL:     10   Next: 70%
Magic:  12/12      EV:  7    Int:  5    God:    Okawaru [****..]
Gold:   173        SH:  6    Dex: 11    Spells: 9/9 levels left

rFire   . . .      SeeInvis .    a - +1 war axe
rCold   . . .      Faith    .    c - +0 buckler
rNeg    . . .      Spirit   .    w - +0 plate armour
rPois   .          Reflect  .    (helmet restricted)
rElec   .          Rampage  .    i - +2 cloak
rCorr   .                        (no gloves)
Will    .....                    (no boots) Stlth
                                 (no amulet)
HPRegen 0.35/turn                l - ring of flight
MPRegen 0.13/turn                A - +4 ring of protection

@: lethally poisoned (0 -> -19), flying, hasted, very quick
A: horns 2, retaliatory headbutt
a: Renounce Religion, Heroism, Finesse


You were on level 9 of the Dungeon.
You worshipped Okawaru.
Okawaru was greatly pleased with you.
You visited 2 branches of the dungeon, and saw 10 of its levels.
You also visited: Sewer and Ossuary.

You collected 435 gold pieces.
You spent 262 gold pieces at shops.

Inventory:

Hand Weapons
 a - a +1 war axe (weapon)
 x - a +0 war axe
Missiles
 g - 2 boomerangs
 s - 18 poisoned darts (quivered)
 G - 2 throwing nets
Armour
 c - a +0 buckler (worn)
 i - a +2 cloak (worn)
 u - a +0 tower shield
 w - a +0 plate armour (worn)
Jewellery
 d - a ring of fire
 l - a ring of flight (left hand)
 A - a +4 ring of protection (right hand)
 C - a ring of fire
 F - a +6 ring of intelligence
Wands
 b - a wand of acid (8)
 j - a wand of roots (5)
Scrolls
 m - 5 scrolls of teleportation
 o - a scroll of fear
 v - 3 scrolls of amnesia
 y - a scroll of immolation
 z - a scroll of enchant weapon
 B - a scroll of brand weapon {unknown}
 D - a scroll of magic mapping
Potions
 e - a potion of cancellation
 f - a potion of attraction
 h - 2 potions of invisibility
 k - 6 potions of haste
 n - 2 potions of brilliance
 q - 5 potions of berserk rage
 r - 2 potions of lignification
 t - 6 potions of flight
 E - 2 potions of ambrosia
 H - 2 potions of heal wounds


   Skills:
 + Level 8.7 Fighting
 * Level 11.4 Axes
 + Level 5.3 Throwing
 + Level 8.7 Armour
 + Level 8.6 Shields
 + Level 4.3 Invocations


You had 9 spell levels left.
You didn't know any spells.
Your spell library contained the following spells:

 Spells                   Type           Power      Damage    Failure   Level
 Blink                    Tloc           0%         N/A       100%        2
 Lesser Beckoning         Tloc           0%         N/A       100%        2
 Momentum Strike          Conj/Tloc      0%         3d8       100%        2
 Inner Flame              Hex/Fire       0%         N/A       100%        3
 Portal Projectile        Hex/Tloc       0%         N/A       100%        3
 Stone Arrow              Conj/Erth      0%         3d7       100%        3
 Leda's Liquefaction      Hex/Erth       0%         N/A       100%        4
 Yara's Violent Unravell  Hex/Tmut       0%         3d3       100%        5
 Enfeeble                 Hex            0%         N/A       100%        7
 Lehudib's Crystal Spear  Conj/Erth      0%         10d2      100%        8
 Call Canine Familiar     Summ           Unusable   N/A       N/A         3
 Animate Armour           Summ/Erth      Unusable   N/A       N/A         4

Dungeon Overview and Level Annotations

Branches:
Dungeon (9/15)             Temple (1/1) D:6            Lair (0/5) D:8
  Sewer (visited)         Ossuary (visited)
    Orc: D:9-12

Altars:
Cheibriados
Dithmenos
Elyvilon
Fedhas
Gozag
Hepliaklqana
Kikubaaqudgha
Makhleb
Nemelex Xobeh
Okawaru
Qazlal
Ru
Sif Muna
Trog
Uskayaw
Vehumet
Wu Jian
Xom
Yredelemnul
Zin
The Shining One

Shops:
D:4 [   D:8 *   D:9 !

Annotations:
D:9 Erica


Innate Abilities, Weirdness & Mutations

You have a pair of horns on your head.
You reflexively headbutt those who attack you in melee.


Message History

There is an open door here.
You reach down and open the door.
There is an open door here.
As you open the door, it creaks loudly!
There is an open door here.
There is an open door here.
As you open the door, it creaks loudly!
There is an open door here.
Erica the Fiery-Tempered comes into view.
She is wielding a +3 scimitar of flaming and wearing a +2 robe of willpower.
Found 9 gold pieces.
Erica gestures wildly while chanting.
Erica flickers and vanishes!
Deactivating autopickup; reactivate with Ctrl-A.
You hear some strange, mumbled words.
A bolt of poison appears from out of thin air!
The bolt of poison hits you!!
You are poisoned.
You feel very sick.
You hear some strange, mumbled words.
A lance of force appears from out of thin air!
The lance of force hits you!
You are knocked back by the lance of force.
You slam into the rock wall!
You feel very sick.
You hear some strange, mumbled words.
A bolt of poison appears from out of thin air!
The bolt of poison hits you!!
You are more poisoned.
* * * LOW HITPOINT WARNING * * *
You feel yourself speed up.
* * * LOW HITPOINT WARNING * * *
You feel very sick. Something hits you.
* * * LOW HITPOINT WARNING * * *
Something burns you.
* * * LOW HITPOINT WARNING * * *
Blink to where?
Press: ? - help, Dir - move target
As you read the scroll of blinking, it crumbles to dust.
You die...

#........#
#........#
#........###
#######..........
#...@..........#
#.#####........#
#.....{..#
#....ยง...#
#.....$..#
##.####### #..###
##...# # ###.##
##


There were no monsters in sight!

Vanquished Creatures
  A two-headed ogre (D:9)
  Joseph (D:8)
  A hornet (D:8)
  A wyvern (D:8)
  2 wraiths (Ossuary)
  2 yaks (D:8)
  Eustachio (D:6)
  2 steam dragons
  Menkaure (D:7)
  2 acid dragons (D:9)
  6 water moccasins
  2 orc warriors (D:8)
  An ice beast (D:7)
  A sky beast (D:7)
  4 black bears
  2 ogres
  A centaur (D:7)
  2 kobold brigands (D:9)
  3 bullfrogs
  A gnoll sergeant (D:5)
  5 scorpions
  8 wights
  3 killer bees (D:8)
  A centaur zombie (Ossuary)
  2 gnoll boudas (D:8)
  4 orc priests
  2 hounds
  2 jellies (D:7)
  Jessica (D:3)
  Terence (D:2)
  3 iguanas
  6 orc wizards
  A mummy (D:6)
  19 adders
  13 gnolls
  6 river rats (Sewer)
  A shadow imp (D:5)
  2 white imps
  An adder zombie (Ossuary)
  5 worms
  A dart slug (D:4)
  29 orcs
  5 endoplasms
  6 giant cockroaches
  9 goblins
  8 hobgoblins
  9 jackals
  11 quokkas
  14 ball pythons
  2 ball python skeletons (Ossuary)
  15 bats
  3 frilled lizards
  A goblin zombie (D:6)
  A hobgoblin zombie (Ossuary)
  14 kobolds
  A kobold zombie (Ossuary)
  An orc skeleton (Ossuary)
  An orc zombie (D:6)
  4 rats
258 creatures vanquished.

Vanquished Creatures (others)
  47 fungi (D:8)
  42 plants (D:8)
89 creatures vanquished.

Grand Total: 347 creatures vanquished

Notes
Turn   | Place    | Note
-------+----------+-------------------------------------------
     0 | D:1      | bmack86 the Minotaur Fighter began the quest for the Orb.
     0 | D:1      | Reached XP level 1. HP: 19/19 MP: 0/0
    99 | D:1      | Reached XP level 2. HP: 27/27 MP: 1/1
   192 | D:1      | Reached skill level 3 in Axes
   753 | D:1      | Reached XP level 3. HP: 33/33 MP: 2/2
  1338 | D:2      | Reached XP level 4. HP: 40/40 MP: 3/3
  1355 | D:2      | Noticed Terence
  1364 | D:2      | Killed Terence
  1365 | D:2      | Reached skill level 4 in Axes
  1781 | D:3      | Noticed Jessica
  1783 | D:3      | Killed Jessica
  1784 | D:3      | Reached XP level 5. HP: 42/47 MP: 4/4
  1878 | D:3      | Found a faded altar of an unknown god.
  2331 | D:4      | Found a glowing drain.
  2357 | Sewer    | Entered a sewer
  2367 | Sewer    | Reached skill level 5 in Axes
  2477 | Sewer    | Reached XP level 6. HP: 53/55 MP: 5/5
  2750 | Sewer    | Reached skill level 5 in Fighting
  2750 | Sewer    | Reached skill level 5 in Armour
  2750 | Sewer    | Reached skill level 5 in Shields
  3029 | D:4      | Found Vuuduxe's Antique Armour Boutique.
  3663 | D:5      | Entered Level 5 of the Dungeon
  3771 | D:5      | Reached skill level 6 in Axes
  3963 | D:5      | Found a glowing golden altar of the Shining One.
  4022 | D:5      | Reached XP level 7. HP: 36/61 MP: 6/6
  4726 | D:5      | Reached skill level 7 in Axes
  4731 | D:5      | Reached skill level 1 in Throwing
  4928 | D:6      | Found a staircase to the Ecumenical Temple.
  5037 | D:6      | Found a sand-covered staircase.
  5044 | Ossuary  | Entered an ossuary
  5191 | Ossuary  | Reached XP level 8. HP: 70/70 MP: 7/7
  5258 | Ossuary  | Noticed a flying skull
  5265 | Ossuary  | Noticed a flying skull
  5420 | Ossuary  | Noticed a flying skull
  5440 | Ossuary  | Reached skill level 8 in Axes
  5527 | Ossuary  | Noticed a flying skull
  5696 | Temple   | Entered the Ecumenical Temple
  5789 | Temple   | Became a worshipper of Warmaster Okawaru
  6197 | D:6      | Reached skill level 1 in Invocations
  6412 | D:6      | Reached XP level 9. HP: 68/78 MP: 8/8
  6554 | D:6      | Noticed Eustachio
  6577 | D:6      | Killed Eustachio
  6577 | D:6      | Reached * piety under Okawaru
  6578 | D:6      | Reached skill level 9 in Axes
  7109 | D:7      | Noticed Menkaure
  7116 | D:7      | Killed Menkaure
  7136 | D:7      | Found an opulent altar of Gozag.
  7744 | D:8      | Reached skill level 10 in Axes
  7748 | D:8      | Reached ** piety under Okawaru
  7756 | D:8      | Reached XP level 10. HP: 35/88 MP: 9/11
  8104 | D:8      | Found a staircase to the Lair.
  8334 | D:8      | Found Wiuneu's Assorted Antiques.
  8339 | D:8      | Bought a scroll of identify for 56 gold pieces
  8339 | D:8      | Bought a scroll of identify for 56 gold pieces
  8491 | D:8      | Found a sparkling altar of Nemelex Xobeh.
  8536 | D:8      | Reached *** piety under Okawaru
  8970 | D:8      | Noticed Joseph
  8990 | D:8      | Killed Joseph
  8991 | D:8      | Reached skill level 11 in Axes
  8991 | D:8      | Reached skill level 5 in Throwing
  9125 | D:9      | Received a gift from Okawaru
  9222 | D:9      | Identified the +0 ring mail of Tureurch {Will++ Str-4}
  9338 | D:9      | Found Wemyseh's Distillery.
  9341 | D:9      | Noticed a two-headed ogre
  9351 | D:9      | Killed a two-headed ogre
  9368 | D:9      | Bought a potion of heal wounds for 75 gold pieces
  9368 | D:9      | Bought a potion of heal wounds for 75 gold pieces
  9427 | D:9      | Reached **** piety under Okawaru
  9512 | D:9      | Noticed Erica
  9518 | D:9      | HP: 4/90 [something (4)]
  9519 | D:9      | Succumbed to Erica's bolt of poison

Illustrated notes

Levels and vault maps discovered:
D:1:      lightli_arrival_boilingwater, layout_loops_corners,
          minmay_misc_feat_columns, grunt_decor_mini_mirrors
D:2:      layout_loops_ring, uniq_terence
D:3:      layout_basic, dreamdust_ecumenical_altar_grove, uniq_jessica
D:4:      layout_loops_ring, gup_sewer_entry_pipe, serial_shops, kennysheep_mini
D:5:      layout_basic, mainiacjoe_overflow_alcove_4, kennysheep_crisscross
D:6:      layout_basic, minmay_temple_entry_tees, nicolae_ossuary_entry_giza,
          uniq_eustachio
D:7:      layout_cave_pools, grunt_gozag_statues, uniq_menkaure
D:8:      layout_cave_pods, nemelex_xobeh_ov_fountains_minmay,
          due_lair_maze_entry_diamond, serial_shops,
          nicolae_shop_hallway_stairs, hangedman_decor_growths, uniq_joseph
D:9:      layout_roguey, ashenzari_altar_1, serial_shops,
          nicolae_shop_competitors_out_of_business, kennysheep_flooded_box,
          serial_bayou_pond_d, uniq_erica
Temple:   regret_index_temple_mists

Skill      XL: |  1  2  3  4  5  6  7  8  9 10 |
---------------+-------------------------------+-----
Axes           | 3 4 5 6 7 8 10 11 | 11.4
Fighting       | 4 5 6 8 |  8.7
Armour         | 4 5 6 8 |  8.7
Shields        | 4 5 6 7 8 |  8.6
Throwing       | 1 3 4 5 |  5.3
Invocations    | 1 3 4 |  4.3

Action                     |  1- 3 |  4- 6 |  7- 9 | 10-12 || total
---------------------------+-------+-------+-------+-------++-------
  Melee: War axe           |    79 |   182 |   269 |   105 ||   635
         Headbutt          |    10 |    20 |    53 |    26 ||   109
  Throw: Dart              |       |       |     3 |     8 ||    11
 Invoke: Heroism           |       |       |     2 |     1 ||     3
    Use: Scroll            |     2 |    11 |     7 |     7 ||    27
         Potion            |       |       |     5 |     1 ||     6
 Armour: Scale mail        |    18 |       |       |       ||    18
         Chain mail        |    42 |   140 |   198 |    35 ||   415
         Plate armour      |       |       |       |    25 ||    25
  Dodge: Dodged            |    44 |   101 |   133 |    39 ||   317
  Block: Buckler           |    28 |    65 |    97 |    29 ||   219

Table legend: (Time is in decaauts)
 A = Elapsed time spent in this place.
 B = Non-inter-level travel time spent in this place.
 C = Inter-level travel time spent in this place.
 D = Time resting spent in this place.
 E = Time spent auto-exploring this place.
 F = Levels seen in this place.
 G = Mean time per level.
                   A        B        C        D        E       F      G
               +--------+--------+--------+--------+--------+-----+--------+
         Total |   9659 |   9374 |    285 |   1104 |   5239 |  12 |  804.9 |
       Dungeon |   8150 |   7865 |    285 |    664 |   4976 |   9 |  905.6 |
        Temple |    178 |    178 |      0 |      0 |     72 |   1 |  178.0 |
         Sewer |    672 |    672 |      0 |    143 |     71 |   1 |  672.0 |
       Ossuary |    657 |    657 |      0 |    297 |    120 |   1 |  657.0 |
               +--------+--------+--------+--------+--------+-----+--------+

Top non-repeatable levels by time:
     D:8: 1538 daAuts
     D:5: 1263 daAuts
     D:6: 1116 daAuts
     D:1: 965 daAuts
     D:7: 812 daAuts
     D:4: 787 daAuts
     D:2: 762 daAuts
   Sewer: 672 daAuts
 Ossuary: 657 daAuts
     D:3: 555 daAuts
     D:9: 348 daAuts
  Temple: 178 daAuts
